 Dungeon Crawl Stone Soup version 0.26-a0-834-g69557b85cc (webtiles) character file.

Game seed: 415240685410874174

282 robertstho the Magician (level 6, -2/32 HPs)
             Began as a Deep Elf Fire Elementalist on Nov 16, 2020.
             Hit by a stone thrown by a big kobold (4 damage)
             ... on level 3 of the Dungeon.
             The game lasted 00:08:07 (4002 turns).

robertstho the Magician (DEFE)                      Turns: 4002, Time: 00:08:08

Health: -2/32      AC:  3    Str:  5    XL:     6   Next: 6%
Magic:  6/15       EV: 13    Int: 22    God:
Gold:   148        SH:  0    Dex: 15    Spells: 11/15 levels left

rFire    . . .     SeeInvis .   e - +1 short sword
rCold    + . .     Faith    .   (no shield)
rNeg     . . .     Spirit   .   r - +0 robe {rC+}
rPois    .         Reflect  .   (no helmet)
rElec    .         Harm     .   c - +0 cloak
rCorr    .         Rampage  .   (no gloves)
MR       .....                  (no boots)
Stlth    ++........             q - amulet of inaccuracy (curse)
HPRegen  0.10/turn              (no ring)
MPRegen  0.14/turn              (no ring)

@: about to teleport
A: no striking features
a: no special abilities


You were on level 3 of the Dungeon.
You visited 1 branch of the dungeon, and saw 3 of its levels.

You collected 148 gold pieces.

Inventory:

Hand Weapons
 e - a +1 short sword (weapon)
Armour
 c - a +0 cloak (worn)
 r - a +0 robe of cold resistance (worn)
Jewellery
 h - a +4 ring of protection {unknown}
 q - a cursed amulet of inaccuracy (around neck)
Wands
 p - a wand of flame (31)
Scrolls
 a - 4 scrolls of remove curse {unknown}
 b - 2 scrolls of blinking {unknown}
 f - a scroll of teleportation
 j - a scroll of immolation
 m - a scroll of random uselessness {unknown}
Potions
 d - a potion of might
 g - a potion of brilliance
 i - a potion of resistance {unknown}
 k - 2 potions of lignification {unknown}
 l - a potion of haste {unknown}
 n - a potion of flight {unknown}
 o - a potion of berserk rage {unknown}


   Skills:
 + Level 2.8 Dodging
 + Level 3.0 Stealth
 + Level 5.3 Spellcasting
 + Level 3.3 Conjurations
 + Level 5.2 Fire Magic


You had 11 spell levels left.
You knew the following spells:

 Your Spells              Type           Power        Failure   Level
a - Foxfire               Conj/Fire      ###.         1%          1
b - Conjure Flame         Conj/Fire      ###.....     4%          3

Your spell library contained the following spells:

 Spells                   Type           Power        Failure   Level
 Inner Flame              Hex/Fire       ###.....     10%         3
 Sticky Flame             Conj/Fire      ###.....     17%         4
 Fireball                 Conj/Fire      ###.......   43%         5


Dungeon Overview and Level Annotations

Branches:
Dungeon (3/15)

Altars:


Message History

You conjure some foxfire!
The foxfire hits the big kobold.
The big kobold is lightly wounded.
The gnoll closely misses you.
The foxfire hits the gnoll.
The gnoll is severely wounded.
Casting: Foxfire (safe; 1% risk of failure)
Confirm with . or Enter, or press ? or * to list all spells.
You conjure some foxfire!
The foxfire hits the big kobold.
The big kobold is lightly wounded.
The gnoll hits you.
* * * LOW HITPOINT WARNING * * *
The foxfire hits the gnoll but does no damage.
The gnoll is severely wounded.
As you read the scroll of teleportation, it crumbles to dust.
You feel strangely unstable. The hobgoblin hits you.
* * * LOW HITPOINT WARNING * * *
The gnoll closely misses you. The gnoll hits you!
* * * LOW HITPOINT WARNING * * *
The big kobold throws a stone.
The stone hits you.
You die...

≈≈≈((()≈≈≈≈≈≈≈≈≈≈
≈≈≈(.(.≈≈≈≈≈≈≈≈≈≈
≈≈.(....≈≈≈≈≈≈≈≈≈ #
####)'################ ########
..#...)#....)..#.....## ##......#
..#....#.....).'......###......(#
###....#########.......#........#
.#......#.........ggg..#........)
.'......'..)..).@.gg(.)'.........
.#......#......)..K....#(...)..†.
###....#########.......#.g.(....#
..#....#.[..)))'......###.......#
..#....#.......#.....## ##.....)#
###################### ######## #


You could see a big kobold, 4 gnolls and a hobgoblin.

Vanquished Creatures
  An ogre (D:3)
  2 adders (D:3)
  4 gnolls (D:3)
  3 worms
  A leopard gecko (D:3)
  2 ball pythons (D:2)
  3 giant cockroaches
  39 goblins
  27 hobgoblins
  8 jackals
  8 kobolds
  A quokka (D:2)
  9 bats
  3 frilled lizards
  9 rats
120 creatures vanquished.

Vanquished Creatures (others)
  368 foxfires
368 creatures vanquished.

Grand Total: 488 creatures vanquished

Notes
Turn   | Place    | Note
-------+----------+-------------------------------------------
     0 | D:1      | robertstho the Deep Elf Fire Elementalist began the quest
                  | for the Orb.
     0 | D:1      | Reached XP level 1. HP: 10/10 MP: 6/6
   312 | D:1      | Reached XP level 2. HP: 15/15 MP: 5/8
   874 | D:1      | Reached XP level 3. HP: 13/19 MP: 5/9
  1451 | D:2      | Learned a level 3 spell: Conjure Flame
  2685 | D:3      | Reached XP level 4. HP: 24/24 MP: 7/11
  3423 | D:3      | Reached XP level 5. HP: 28/28 MP: 1/13
  3690 | D:3      | Noticed an ogre
  3695 | D:3      | Killed an ogre
  3696 | D:3      | Reached skill level 5 in Spellcasting
  3696 | D:3      | Reached skill level 5 in Fire Magic
  3985 | D:3      | Reached XP level 6. HP: 20/32 MP: 10/15
  4002 | D:3      | Hit by a stone thrown by a big kobold

Illustrated notes

Levels and vault maps discovered:
D:1:      dpeg_arrival_arbitrary_c, layout_loops_cross, minmay_pentomino_z4
D:2:      layout_loops_corners
D:3:      minmay_goblin_kobold_castle, layout_rooms, ebering_ghost_disaster_area

Skill      XL: |  1  2  3  4  5  6 |
---------------+-------------------+-----
Fire Magic     | 4 5 |  5.2
Conjurations   | 2 3 |  3.3
Spellcasting   | 4 5 |  5.3
Stealth        | 3 |  3.0
Dodging        | |  2.8

Action                   |  1- 3 |  4- 6 || total
-------------------------+-------+-------++-------
Melee: Unarmed           |    13 |       ||    13
       Short sword       |     9 |     1 ||    10
 Cast: Foxfire           |    97 |   121 ||   218
  Use: Scroll            |     9 |     1 ||    10
       Potion            |       |     2 ||     2
Armor: Robe              |     4 |     5 ||     9
Dodge: Dodged            |    35 |    33 ||    68

Table legend: (Time is in decaauts)
 A = Elapsed time spent in this place.
 B = Non-inter-level travel time spent in this place.
 C = Inter-level travel time spent in this place.
 D = Time resting spent in this place.
 E = Time spent auto-exploring this place.
 F = Levels seen in this place.
 G = Mean time per level.
                   A        B        C        D        E       F      G
               +--------+--------+--------+--------+--------+-----+--------+
         Total |   4003 |   3909 |     94 |      0 |   3214 |   3 | 1334.3 |
       Dungeon |   4003 |   3909 |     94 |      0 |   3214 |   3 | 1334.3 |
               +--------+--------+--------+--------+--------+-----+--------+

Top non-repeatable levels by time:
     D:1: 1445 daAuts
     D:3: 1353 daAuts
     D:2: 1203 daAuts
